Match 46954018
Unlisted

Match 46954018
End
Construct Weapon Support Center
M1919 Machine Gun Team
Bazooka Squad
Bazooka Squad
Construct Medical Station
Selects Airborne Battlegroup
Air Support Center
Engineer Squad
Construct Barracks
Riflemen Squad
Grenade Package
Selects Smoke Bombing Run
Selects Supply Drop
Improved M9 Bazooka Rockets
P-47 Strafing Run
Grasshopper Recon Run
P-47 Dive Bomb
Riflemen Squad
Riflemen Squad
M1918 Browning Automatic Rifles
Shingles
Gunshy
Daronic
Пивной Ревизор
0
0

Comments sign in to comment!

No comments posted yet!